 Dungeon Crawl Stone Soup version 0.20.0-6-gd3061e9 (webtiles) character file.

35 Gorglomux the Skirmisher (level 3, 0/45 HPs)
             Began as a Demonspawn Berserker on May 28, 2017.
             Was a Follower of Trog.
             Succumbed to an adder's poison
             ... on level 2 of the Dungeon.
             The game lasted 00:01:07 (1218 turns).

Gorglomux the Skirmisher (Demonspawn Berserker)     Turns: 1218, Time: 00:01:08

Health: 0/45       AC: 21    Str: 14 (17) XL:     3   Next: 16%
Magic:  2/3        EV:  2    Int: 12 (13) God:    Trog [*.....]
Gold:   36         SH:  0    Dex: 15 (18) Spells: 2/2 levels left

rFire    + . .     SeeInvis .   a - +0 falchion
rCold    + . .     Gourm    .   (no shield)
rNeg     + + +     Faith    .   (armour currently unavailable)
rPois    +         Spirit   +   (helmet currently unavailable)
rElec    +         Reflect  .   (cloak currently unavailable)
rCorr    +         Harm     .   (gloves currently unavailable)
MR       .....     NoTele   +   (boots currently unavailable)
Stlth    ++........             (no amulet)
Regen    0.2/turn               (no ring)
MPRegen  0.1/turn               (no ring)

@: brilliant, agile, lethally poisoned (0 -> -2), tree-form, resistant, berserk
cooldown, slowed, very slow
A: magic shield
a: Berserk, Burn Spellbooks, Renounce Religion


You were on level 2 of the Dungeon.
You worshipped Trog.
Trog was aware of your devotion.
You were hungry.
You were a tree.
You visited 1 branch of the dungeon, and saw 2 of its levels.

You collected 36 gold pieces.

Inventory:

Hand Weapons
 a - a +0 falchion (weapon)
Armour
 b - a +0 animal skin (melded)
Jewellery
 e - a cursed -3 ring of evasion {unknown}
 D - an uncursed amulet of guardian spirit {unknown}
Scrolls
 M - a scroll of magic mapping
 N - a scroll of identify {unknown}
Potions
 C - a potion of resistance
Comestibles
 c - a bread ration
 z - 2 meat rations
 G - 4 fruits


   Skills:
 + Level 3.7 Fighting
 + Level 3.3 Long Blades
 - Level 1.7 Armour
 - Level 1.7 Dodging


You had 2 spell levels left.
You didn't know any spells.

Dungeon Overview and Level Annotations

Branches:
Dungeon (2/15)

Altars:


Innate Abilities, Weirdness & Mutations

((You are partially covered in molten scales. (AC +2)))
When hurt, damage is shared between your health and your magic reserves.


Message History

You feel clever all of a sudden.
* * * LOW HITPOINT WARNING * * *
You feel sick.
It was a potion of lignification.
You turn into a tree.
Your +0 animal skin melds into your body.
Your roots penetrate the ground.
There is a lethal amount of poison in your body!
It was a potion of degeneration.
There was something very wrong with that liquid.
You feel weakened.
You feel dopey.
You feel clumsy.
* * * LOW HITPOINT WARNING * * *
You feel sick.
Unknown command.
There is a lethal amount of poison in your body!
Unknown command.
There is a lethal amount of poison in your body!
Unknown command.
You swing at nothing.
You swing at nothing.
You die...

,****<,***+*,,,,,,..* *,#..### ,*
*,,,.......,,,..# *,#....# ,*
*,,........#**#.# **#....# ,*
*,,..[.....# #.# #'##.#
,****,,...(...$# #.# ##.##+###
,*,,,,,........# #.#####..#.....
,*,,,,,$?..$...# #.#............
,*,,,,,........####......###.####
,*,,,,,........'♣........# #.....
,*,,,,,........#####.....# ######
,*,,,*+###........##.....#
,*,,,*,* #........##.....#
,*,,,*,* #........###+####
+*,,,*,**#..(.....#**,*
,,,,,,,,,+>.......+,,,*
,,,***,**#........#**,* ,,,*
*,,,+........# *,*


There were no monsters in sight!

Vanquished Creatures
  An adder (D:2)
  A worm (D:2)
  A dart slug (D:1)
  2 leopard geckos (D:1)
  3 goblins
  2 hobgoblins (D:1)
  2 jackals (D:1)
  A bat (D:1)
  2 frilled lizards (D:2)
  2 kobolds (D:1)
  A rat (D:2)
18 creatures vanquished.

Notes
Turn   | Place    | Note
-------+----------+-------------------------------------------
     0 | D:1      | Gorglomux the Demonspawn Berserker began the quest for the Orb.
     0 | D:1      | Reached XP level 1. HP: 18/18 MP: 1/1
   213 | D:1      | Gained mutation: When hurt, damage is shared between your health and your magic reserves. [demonic ancestry]
   213 | D:1      | Reached XP level 2. HP: 17/24 MP: 2/2
   264 | D:1      | Reached skill level 3 in Long Blades
  1204 | D:2      | Gained mutation: You are partially covered in molten scales. (AC +2) [demonic ancestry]
  1204 | D:2      | Reached XP level 3. HP: 9/30 MP: 1/3
  1214 | D:2      | HP: 1/30 [poisoned by an adder]
  1218 | D:2      | Succumbed to an adder's poison

Skill      XL: |  1  2 |
---------------+-------+-----
Long Blades    | 3 |  3.3
Fighting       | |  3.7
Armour         | |  1.7
Dodging        | |  1.7

Action                   || total
-------------------------++-------
Melee: Falchion          ||    54
Invok: Berserk           ||     2
  Use: Scroll            ||     1
       Potion            ||     5
 Stab: Distracted        ||     1
  Eat: Chunk             ||     2
Armor: Animal skin       ||     9
Dodge: Dodged            ||    31
       Rpst.: Falchion   ||    11
